[Event "*** Monthly 3|2 Blitz Masters"]
[Site "Chess.com"]
[Date "2014.11.25"]
[Round "6"]
[White "patzerplay"]
[Black "Hafez_Bakr"]
[Result "1-0"]
[WhiteElo "2104"]
[BlackElo "1789"]
[TimeControl "180+2"]
[EndTime "12:06:41 PST"]
[Termination "patzerplay won by checkmate"]

1. e4 c5 2. c3 d6 3. d4 cxd4 4. cxd4 Nf6 5. Nc3 e6 6. Nf3 Be7 7. Bd3 a6 8. Qe2 b5 9. a3 Bb7 10. e5 dxe5 11. dxe5 Nd5 12. Ne4 Nc6 13. O-O h6 14. Rd1 Qc7 15. Ng3 O-O 16. Bd2 Rfd8 17. Rac1 Qb6 18. Qe4 f5 19. exf6 Nxf6 20. Qxe6+ Kh8 21.
Nh4 Rd6 22. Ng6+ Kh7 23. Ne5+ Kh8 24. Nf7+ Kg8 25. Nxd6+ Kh8 26. Nf7+ Kg8 27. Nxh6+ Kh8 28. Qg8+ Nxg8 29. Nf7# 1-0

[Event "*** Monthly 3|2 Blitz Masters"]
[Site "Chess.com"]
[Date "2014.11.25"]
[Round "6"]
[White "bugsbunny444"]
[Black "RitvarsReimanis"]
[Result "1-0"]
[WhiteElo "2306"]
[BlackElo "2241"]
[TimeControl "180+2"]
[EndTime "12:07:16 PST"]
[Termination "bugsbunny444 won by checkmate"]

1. Nf3 e6 2. c4 d5 3. g3 c6 4. b3 f5 5. Bg2 Nf6 6. O-O Nbd7 7. Bb2 Bc5 8. d3 O-O 9. Nbd2 a5 10. Qc2 Qe7 11. e4 fxe4 12. dxe4 a4 13. exd5 exd5 14. Rae1 Qd6 15. Ng5 axb3 16. axb3 Bb4 17.
Re6 Qc5 18. Bxf6 Nxf6 19. Rxf6 g6 20. Rxg6+ Kh8 21. Rg8+ Kxg8 22. Qxh7# 1-0

[Event "*** Monthly 3|2 Blitz Masters"]
[Site "Chess.com"]
[Date "2014.11.25"]
[Round "6"]
[White "gumersindo"]
[Black "wonderfultime"]
[Result "0-1"]
[WhiteElo "2049"]
[BlackElo "2493"]
[TimeControl "180+2"]
[EndTime "12:08:34 PST"]
[Termination "wonderfultime won by resignation"]

1. d4 d5 2. c4 c6 3. Nf3 Nf6 4.
Nc3 dxc4 5. a4 Bf5 6. e3 e6 7. Bxc4 Bb4 8. O-O O-O 9. Bd2 a5 10. Qe2 Bg6 11. Ne5 Nbd7 12. Nxg6 hxg6 13. Rfd1 Qe7 14.
e4 e5 15. dxe5 Nxe5 16. Bb3 Rfd8 17. Bf4 Nh5 18. Be3 Bc5 19. Bxc5 Qxc5 20. g3 Nf6 21. Kg2 g5 22. Rxd8+ Rxd8 23. Rd1 Re8 24. Bc2 g4 25. h3 gxh3+ 26. Kxh3 g6 27. Kg2 Kg7 28.
Rh1 Nc4 29. Bb3 Nd6 30. f3 Qb4 31. Bd1 Nc4 32. e5 Rxe5 33. Ne4 Nxe4 34. fxe4 Qxb2 0-1

[Event "*** Monthly 3|2 Blitz Masters"]
[Site "Chess.com"]
[Date "2014.11.25"]
[Round "6"]
[White "VSERGUEI"]
[Black "ChessWarrior7197"]
[Result "1-0"]
[WhiteElo "2342"]
[BlackElo "1845"]
[TimeControl "180+2"]
[EndTime "12:08:59 PST"]
[Termination "VSERGUEI won by resignation"]

1. d4 Nf6 2. c4 g6 3. Nc3 d5 4. Nf3 Bg7 5. Qb3 dxc4 6. Qxc4 O-O 7. e4 Nc6 8. Be3 Nd7 9. Rd1 Nb6 10. Qb3 Bg4 11.
e5 Bxf3 12. gxf3 e6 13. f4 Ne7 14. Bg2 c6 15. a4 Qc7 16. O-O Nbd5 17. Rc1 Qd7 18. Ne4 b6 19. Rc2 Nf5 20. Rfc1 Rac8 21. a5 h5 22. axb6 axb6 23. Bh3 Kh8 24. Bxf5 exf5 25.
Nd6 Rc7 26. Qxd5 cxd5 27. Rxc7 Qe6 28. R1c6 Kg8 29. Nxf7 Qe8 30. Ng5 b5 31. Re6 Qd8 32.
Rcc6 Qa5 33. Rxg6 Qe1+ 34. Kg2 Qe2 35. h3 Qd3 36. Rc7 Kh8 37. Rgxg7 h4 38. Rh7+ 1-0

[Event "*** Monthly 3|2 Blitz Masters"]
[Site "Chess.com"]
[Date "2014.11.25"]
[Round "6"]
[White "thegormacle"]
[Black "pKiLz5Rn9b"]
[Result "1-0"]
[WhiteElo "2453"]
[BlackElo "2155"]
[TimeControl "180+2"]
[EndTime "12:09:00 PST"]
[Termination "thegormacle won by resignation"]

1. d4 Nf6 2. c4 e6 3. Nf3 b6 4. a3 Bb7 5. Nc3 d5 6. cxd5 Nxd5 7.
Qc2 Nd7 8. Nxd5 exd5 9. Bg5 Be7 10.
Bxe7 Qxe7 11. Qxc7 Ba6 12. e3 Bxf1 13. Kxf1 O-O 14.
Ne5 Rad8 15. Nc6 Qe4 16. Nxd8 Qd3+ 17. Kg1 Nf6 18. Nc6 Ne4 19. Ne7+ Kh8 20. Qf4 Qc2 21. h4 Qxb2 22. Kh2 Nxf2 23. Rhf1 Ne4 24. Nxd5 Nd2 25. Rf2 Qxa1 26. Rxd2 Qxa3 27. Rc2 Qb3 28. Qxf7 Rg8 29.
Rf2 a5 30. Qxg8+ 1-0

[Event "*** Monthly 3|2 Blitz Masters"]
[Site "Chess.com"]
[Date "2014.11.25"]
[Round "6"]
[White "juniortay"]
[Black "Vandros57"]
[Result "1/2-1/2"]
[WhiteElo "2177"]
[BlackElo "1796"]
[TimeControl "180+2"]
[EndTime "12:09:22 PST"]
[Termination "Game drawn by agreement"]

1. e4 c5 2. Nc3 e6 3. f4 d5 4. Nf3 dxe4 5. Nxe4 Nc6 6. Bb5 Bd7 7.
O-O Be7 8. b3 Nf6 9. Nf2 O-O 10.
Bb2 Nd5 11. g3 Bf6 12. c3 a6 13. Bd3 g6 14. Ne4 Be7 15. a3 b6 16. c4 Nf6 17.
Qe2 Nxe4 18. Bxe4 Bf6 19. Ne5 Rc8 20. Rad1 Bg7 21. d3 Be8 22. Nxc6 Bxc6 23. Bxg7 Kxg7 24.
Qb2+ Qf6 25. Qxf6+ Kxf6 26. Bxc6 Rxc6 27. d4 b5 28. d5 exd5 29. Rxd5 bxc4 30. bxc4 Rb8 31.
Rfd1 1/2-1/2

[Event "*** Monthly 3|2 Blitz Masters"]
[Site "Chess.com"]
[Date "2014.11.25"]
[Round "6"]
[White "GedoGluperd"]
[Black "Dlugy"]
[Result "0-1"]
[WhiteElo "2324"]
[BlackElo "2587"]
[TimeControl "180+2"]
[EndTime "12:09:23 PST"]
[Termination "Dlugy won by resignation"]

1. d4 Nf6 2. Bg5 g6 3. Bxf6 exf6 4. e3 Bg7 5. c4 O-O 6. Nc3 f5 7. g3 d6 8. Bg2 Nd7 9. Nge2 Nf6 10. O-O c6 11. b4 Re8 12. Qd3 Qe7 13. b5 Ne4 14.
bxc6 bxc6 15. Rab1 Ba6 16. Nxe4 fxe4 17. Qc2 d5 18. Rfc1 Bxc4 19. Qd2 Qa3 20. Nc3 Rab8 21. Bf1 Bxf1 22. Kxf1 Bf8 23. Ne2 Qa6 24. Kg2 Rb6 25. Rxb6 Qxb6 26. Qc2 Rc8 27. Nf4 Qa5 28. Rb1 Bd6 29.
Rb7 Bxf4 30. gxf4 Rc7 31. Rb8+ Kg7 32. Qb2 h5 33. h4 Kh7 34. Re8 Qb5 35. Qa3 c5 36.
Rd8 Qe2 37. Qa6 Qg4+ 38. Kf1 cxd4 39. Qa3 dxe3 40. Qxe3 Qxh4 41. Rf8 Rc1+ 42. Ke2 Qg4+ 43. f3 Qg2+ 0-1

[Event "*** Monthly 3|2 Blitz Masters"]
[Site "Chess.com"]
[Date "2014.11.25"]
[Round "6"]
[White "redchessman"]
[Black "Philofive"]
[Result "1-0"]
[WhiteElo "2278"]
[BlackElo "2211"]
[TimeControl "180+2"]
[EndTime "12:09:26 PST"]
[Termination "redchessman won by checkmate"]

1. Nf3 Nf6 2. c4 g6 3. Nc3 Bg7 4. g3 d6 5. d4 O-O 6. Bg2 Nc6 7.
O-O a6 8. b3 Rb8 9. Nd5 e6 10.
Nxf6+ Qxf6 11. Bb2 Qd8 12. Qd2 Ne7 13. Rac1 b6 14.
e4 Bb7 15. d5 Bxb2 16. Qxb2 e5 17. Ne1 a5 18. Nd3 Qd7 19. a3 Rbe8 20. b4 axb4 21. axb4 f5 22. c5 Qb5 23. cxd6 cxd6 24. Qb3 Rc8 25. f3 Ba6 26. Nxe5 fxe4 27. Nc6 Nxc6 28. dxc6+ Kg7 29. fxe4 Rxc6 30. Qb2+ Kg8 31. Rxf8+ Kxf8 32. Qf6+ Ke8 33. Rf1 Rc2 34. Qf8+ Kd7 35. Rf7+ Kc6 36. Qe8# 1-0

[Event "*** Monthly 3|2 Blitz Masters"]
[Site "Chess.com"]
[Date "2014.11.25"]
[Round "6"]
[White "FrankieJay"]
[Black "LePlusMortel"]
[Result "0-1"]
[WhiteElo "2178"]
[BlackElo "2380"]
[TimeControl "180+2"]
[EndTime "12:10:20 PST"]
[Termination "LePlusMortel won on time"]

1. e4 c5 2. Nf3 d6 3. d4 cxd4 4.
Nxd4 Nf6 5. Nc3 g6 6. Be3 Bg7 7. f3 O-O 8. Qd2 Nc6 9. Bc4 Bd7 10. h4 Nxd4 11. Bxd4 b5 12. Bxb5 Bxb5 13. Nxb5 Qb8 14. Nc3 Qxb2 15. Nd5 Qb7 16. Nxf6+ exf6 17. O-O d5 18.
Rab1 Qc6 19. exd5 Qxd5 20. c3 Rfd8 21. Qf2 a5 22. a4 Qc4 23. Ra1 f5 24. Rfd1 Rac8 25.
Qe3 Rd5 26. Bxg7 Kxg7 27. Rxd5 Qxd5 28. Rb1 Qc4 29. Qe5+ Kh6 0-1

[Event "*** Monthly 3|2 Blitz Masters"]
[Site "Chess.com"]
[Date "2014.11.25"]
[Round "6"]
[White "MoreChessJulia"]
[Black "josiwales"]
[Result "1-0"]
[WhiteElo "1893"]
[BlackElo "1805"]
[TimeControl "180+2"]
[EndTime "12:10:27 PST"]
[Termination "MoreChessJulia won by resignation"]

1. d4 Nf6 2. c4 g6 3. Nf3 Bg7 4.
h3 O-O 5. Bf4 d6 6. Nc3 Nbd7 7.
e3 Re8 8. Qc2 e5 9. dxe5 dxe5 10. Bh2 c6 11. O-O-O Qc7 12. Be2 Nc5 13. g4 Nfd7 14. b4 Ne6 15. c5 a5 16. a3 axb4 17. axb4 b6 18. cxb6 Qxb6 19. Qb2 e4 20. Nd2 Nf6 21.
Nc4 Qa6 22. Nd6 Qa1+ 23. Qxa1 Rxa1+ 24. Kb2 Rxd1 25. Rxd1 Rd8 26. Nxc8 Rxc8 27. Ba6 Re8 28. Kb3 Ng5 29. h4 Nh3 30. g5 Ng4 31. Bg3 Nhxf2 32.
Rd7 Nxe3 33. Bxf2 Bxc3 34. Bxe3 Bg7 35. Bc4 Rf8 36. Bc5 1-0

[Event "*** Monthly 3|2 Blitz Masters"]
[Site "Chess.com"]
[Date "2014.11.25"]
[Round "6"]
[White "AlmirDzhumaev"]
[Black "GulamaliRises"]
[Result "1-0"]
[WhiteElo "2283"]
[BlackElo "2406"]
[TimeControl "180+2"]
[EndTime "12:10:45 PST"]
[Termination "AlmirDzhumaev won by resignation"]

1. e4 c5 2. Nc3 d6 3. g3 Nc6 4.
Bg2 g6 5. d3 Bg7 6. Be3 Nh6 7.
h3 f5 8. Qd2 Nf7 9. f4 O-O 10.
Nge2 Nd4 11. O-O Rb8 12. Rab1 Bd7 13. Bf2 Bc6 14. Nxd4 cxd4 15. Ne2 e5 16. Rfe1 Bh6 17.
Qb4 Re8 18. fxe5 dxe5 19. Kh2 Qd6 20. Qxd6 Nxd6 21. exf5 gxf5 22. Bxc6 bxc6 23. b3 c5 24. Rg1 e4 25. Nf4 e3 26. Be1 Kf7 27. Ne2 Ke6 28. Rf1 Kd7 29. a4 Kc6 30. Ba5 Rg8 31. Rf3 Bg7 32. Rbf1 Be5 33. Be1 h5 34. Kh1 Rg7 35. Rg1 Rbg8 36. Rgf1 Kd5 37. Rg1 h4 38. gxh4 Rxg1+ 39.
Nxg1 f4 40. Ne2 Rf8 41. h5 Ke6 42. h6 Kf5 43. Bg3 Kg5 44. Bh2 Kxh6 45. Bxf4+ Bxf4 46. Rxf4 Rxf4 47. Nxf4 Kg5 48. Ne2 a5 49. Kg2 Kh4 50. Ng3 Kg5 51. Kf3 Kh4 52. Ne4 Nf5 53.
Nxc5 Kxh3 54. Nb7 Ng3 55. Nxa5 Kh2 56. Nc4 Kg1 57. Nxe3 dxe3 58. Kxe3 Nf5+ 59. Ke4 1-0

[Event "*** Monthly 3|2 Blitz Masters"]
[Site "Chess.com"]
[Date "2014.11.25"]
[Round "6"]
[White "jlandaw"]
[Black "WanderingPuppet"]
[Result "1-0"]
[WhiteElo "2279"]
[BlackElo "2023"]
[TimeControl "180+2"]
[EndTime "12:10:51 PST"]
[Termination "jlandaw won on time"]

1. e4 c5 2. Nc3 d6 3. g3 g6 4. Bg2 Bg7 5. d3 Nc6 6. f4 Nf6 7. Nf3 O-O 8. O-O Rb8 9. h3 b5 10. a3 a5 11. Be3 b4 12. axb4 axb4 13.
Ne2 Bb7 14. g4 Ne8 15. d4 cxd4 16. Nfxd4 Nxd4 17. Bxd4 Nf6 18. Qd3 d5 19. e5 Ne4 20.
f5 Bc6 21. Qe3 Bb5 22. Rad1 Bxe2 23. Qxe2 Ng3 24. Qf3 Nxf1 25. f6 Bh6 26. Rxf1 Bg5 27.
Qg3 exf6 28. h4 Bd2 29. exf6 Rc8 30. Qd3 Qa5 31. Qxd2 1-0

[Event "*** Monthly 3|2 Blitz Masters"]
[Site "Chess.com"]
[Date "2014.11.25"]
[Round "6"]
[White "rhungaski"]
[Black "IMRosen"]
[Result "1-0"]
[WhiteElo "2424"]
[BlackElo "1986"]
[TimeControl "180+2"]
[EndTime "12:10:52 PST"]
[Termination "rhungaski won by resignation"]

1. e4 c5 2. Nf3 e6 3. d4 cxd4 4.
Nxd4 Nc6 5. Nc3 Qc7 6. Be2 a6 7. O-O Nf6 8. Be3 Bb4 9. Na4 O-O 10. c4 Be7 11. Nxc6 bxc6 12. c5 Nxe4 13. Qd4 f5 14. f3 Bf6 15. Qc4 Ng5 16. Bf4 Qa5 17. Nb6 Ra7 18. b4 Qb5 19. Rad1 d5 20. Qb3 Qxe2 21. Rfe1 Qb2 22. Qxb2 Bxb2 23. Bxg5 Kf7 24. Re2 Ba1 25.
Rxa1 a5 26. a4 axb4 27. Rb1 Ba6 28. Ree1 h6 29. Bf4 Bd3 30. Rxb4 Ra5 31. Nd7 Rc8 32. Ne5+ Kf6 33. Nxd3 g6 34. Be5+ Ke7 35. Rb7+ Kd8 36.
Bf6+ Ke8 37. Rxe6+ Kf8 38. Ne5 1-0

[Event "*** Monthly 3|2 Blitz Masters"]
[Site "Chess.com"]
[Date "2014.11.25"]
[Round "6"]
[White "Quinten94"]
[Black "gmjlh"]
[Result "0-1"]
[WhiteElo "2135"]
[BlackElo "2517"]
[TimeControl "180+2"]
[EndTime "12:11:06 PST"]
[Termination "gmjlh won by checkmate"]

1. e4 e5 2. Nf3 Nc6 3. Bb5 Nf6 4. d3 Bc5 5. Bxc6 dxc6 6. Nbd2 Nd7 7. Nb3 Bd6 8. Na5 O-O 9. Bd2 c5 10. Qe2 Re8 11. h4 Nf8 12. h5 Bg4 13. Nxb7 Qb8 14.
Nxd6 Qxb2 15. Rc1 cxd6 16. h6 g6 17. Rh4 Bd7 18. Nh2 Qxa2 19. f4 exf4 20. Rxf4 f5 21. Bc3 Ne6 22. Rf1 Nd4 23. Qf2 Nb5 24. Ba1 Bc6 25.
Ng4 Re6 26. Kd1 Rf8 27. Ne3 Ree8 28. Nxf5 Qe6 29. Qg3 Bxe4 30. dxe4 Qxe4 31. Ne7+ Qxe7 32. Qb3+ c4 33. Qxc4+ Rf7 34. Rxf7 Qxf7 35. Qxb5 Qe6 36. Kd2 Qe3+ 37. Kd1 Qe1# 0-1

[Event "*** Monthly 3|2 Blitz Masters"]
[Site "Chess.com"]
[Date "2014.11.25"]
[Round "6"]
[White "Baggio95"]
[Black "David_Klein"]
[Result "0-1"]
[WhiteElo "2365"]
[BlackElo "2376"]
[TimeControl "180+2"]
[EndTime "12:11:06 PST"]
[Termination "David_Klein won by resignation"]

1. d4 Nf6 2. Nc3 d5 3. Bf4 Bf5 4. f3 e6 5. g4 Bg6 6. h4 h6 7. e3 a6 8. Bd3 Bxd3 9. Qxd3 c5 10. dxc5 Bxc5 11. Nge2 Nc6 12. O-O-O Qa5 13. Kb1 Rc8 14.
g5 Nh5 15. g6 f6 16. Bh2 O-O 17. Nd4 Bxd4 18. exd4 Nb4 19. Qe3 Rfe8 20. a3 Nc6 21. Rhe1 b5 22. Nxd5 b4 23. Nxb4 Nxb4 24. axb4 Qxb4 25.
d5 Qxh4 26. d6 Qxh2 27. Rd2 Qf4 28. d7 Qxe3 29. Rxe3 Nf4 30. Re4 e5 31. Rc4 Rcd8 32. dxe8=Q+ Rxe8 33. Rd7 h5 34. Rcc7 Ne6 35. Ra7 h4 36. c4 h3 37. Rd1 Nf4 38. c5 Nxg6 39.
c6 Rc8 40. c7 Kh7 41. Rd8 h2 42. Rxc8 h1=Q+ 43. Ka2 Qc1 44. Re8 Qc4+ 45. Kb1 Qf1+ 46. Ka2 Qc4+ 47. Kb1 Qd3+ 48. Ka2 Qd5+ 49. Kb1 Qd1+ 0-1

[Event "*** Monthly 3|2 Blitz Masters"]
[Site "Chess.com"]
[Date "2014.11.25"]
[Round "6"]
[White "Bab3s"]
[Black "oggy1984"]
[Result "1-0"]
[WhiteElo "2098"]
[BlackElo "2197"]
[TimeControl "180+2"]
[EndTime "12:11:46 PST"]
[Termination "Bab3s won by resignation"]

1. e4 c5 2. c3 Nf6 3. e5 Nd5 4.
d4 cxd4 5. Nf3 e6 6. cxd4 d6 7. Bc4 Nc6 8. O-O Be7 9. Qe2 O-O 10. Nc3 Nxc3 11. bxc3 b6 12. Bd3 Bb7 13. Qe4 g6 14. Qe2 Qc7 15. Bh6 Rfd8 16. h4 dxe5 17. dxe5 Nb8 18. Rac1 Nd7 19. Be4 Nc5 20. Bxb7 Qxb7 21. Ng5 Rd3 22. Qg4 Bf8 23. Bxf8 Rxf8 24. h5 Qe7 25. hxg6 fxg6 26. Rfd1 Rf5 27. Ne4 Rxd1+ 28. Rxd1 Rxe5 29. Nxc5 Rxc5 30. Qf3 Kg7 31. Rd3 Rf5 32. Qe3 Rc5 33. Qd4+ e5 34. Qe3 e4 35. Rd4 Re5 36. Qd2 Qf7 37. Rd7 Re7 38. Qd4+ Kh6 39. Rd5 Qf4 40. g3 Qxf2+ 41. Qxf2 e3 42. Qh2+ Kg7 43. Rd1 e2 44. Re1 1-0

[Event "*** Monthly 3|2 Blitz Masters"]
[Site "Chess.com"]
[Date "2014.11.25"]
[Round "6"]
[White "Zhani-Z"]
[Black "vovkcoach"]
[Result "1-0"]
[WhiteElo "1914"]
[BlackElo "2466"]
[TimeControl "180+2"]
[EndTime "12:11:49 PST"]
[Termination "Zhani-Z won by resignation"]

1. e4 c6 2. d4 d5 3. exd5 cxd5 4.
Bd3 Nc6 5. c3 Nf6 6. Bf4 Bg4 7.
Qb3 Qd7 8. Nd2 e6 9. Ngf3 Bxf3 10. Nxf3 Bd6 11. Bxd6 Qxd6 12. O-O O-O 13. Rfe1 Rab8 14. Ne5 Nd7 15. f4 Ndxe5 16. fxe5 Qc7 17. Re3 g6 18. Rf1 Kg7 19. Qd1 Ne7 20. Qd2 Ng8 21. h4 Rbe8 22. h5 f5 23. exf6+ Rxf6 24. Rxf6 Nxf6 25. hxg6 hxg6 26. Rh3 Rg8 27. Qg5 Kf7 28. Rh6 Qe7 29.
Rxg6 Rxg6 30. Qxg6+ Kf8 31. Kf2 e5 32. dxe5 Qxe5 33. Qf5 Qd6 34. Qc8+ Kg7 35. Qxb7+ Kh6 36. Qf7 Qf4+ 37. Ke2 Qg4+ 38. Ke1 Qg3+ 39. Kd2 Qxg2+ 40.
Kc1 Ne4 41. Bxe4 dxe4 42. Qxa7 Qf1+ 43. Kd2 Qd3+ 44. Kc1 e3 45. Qd4 Qf1+ 46. Kc2 e2 47. Qh4+ Kg6 48. Qg4+ Kf6 49. Qd4+ Kf5 50. Qd5+ Kg4 51.
Qe4+ Kg3 52. Qe3+ Qf3 53. Qg1+ Kh3 54. Kd2 Qe4 55. Qf2 Qc2+ 56. Kxc2 1-0

[Event "*** Monthly 3|2 Blitz Masters"]
[Site "Chess.com"]
[Date "2014.11.25"]
[Round "6"]
[White "bsmail"]
[Black "grandmastergauri"]
[Result "0-1"]
[WhiteElo "2104"]
[BlackElo "2336"]
[TimeControl "180+2"]
[EndTime "12:11:57 PST"]
[Termination "grandmastergauri won by resignation"]

1. d4 Nf6 2. c4 e6 3. Nf3 Bb4+ 4.
Bd2 Qe7 5. g3 Nc6 6. Bg2 Bxd2+ 7. Qxd2 Ne4 8. Qd3 Qb4+ 9. Nbd2 Nxd2 10. Qxd2 Qxc4 11. O-O Qb4 12. Qf4 Qd6 13. Qg4 O-O 14.
Rfd1 f5 15. Qh5 Ne7 16. Rac1 Nd5 17. Ng5 h6 18. Nf3 c6 19. Ne5 Nf6 20. Qg6 Qe7 21.
e4 d6 22. Nc4 Bd7 23. e5 Be8 24. exf6 Rxf6 25. Qxf6 gxf6 26. Na5 Rb8 27. Re1 Bf7 28.
d5 cxd5 29. Bxd5 e5 30. Bf3 e4 31. Bg2 d5 32. Red1 Qd7 33. Rd4 Rc8 34. Rcd1 Rc2 35. g4 Rxb2 36. gxf5 Qxf5 37. Rf1 Qe5 38. Rdd1 d4 39. Nb3 Bxb3 40. axb3 Rxb3 41. Rfe1 f5 42. Rc1 Rc3 43. Rb1 b6 44. Ra1 a5 45. Rab1 b5 46. Ra1 b4 47. Reb1 Rc2 48. Ra4 Qf4 49. Rf1 Qe5 50.
Rfa1 Qf4 51. Rf1 Rc5 52. Rd1 d3 53. h3 d2 0-1

[Event "*** Monthly 3|2 Blitz Masters"]
[Site "Chess.com"]
[Date "2014.11.25"]
[Round "6"]
[White "GMHess"]
[Black "Yaacovn"]
[Result "0-1"]
[WhiteElo "2461"]
[BlackElo "2610"]
[TimeControl "180+2"]
[EndTime "12:12:06 PST"]
[Termination "Yaacovn won by checkmate"]

1. b3 d5 2. Bb2 c6 3. e3 Nf6 4.
Nf3 g6 5. c4 Bg7 6. Be2 O-O 7.
O-O Bg4 8. d4 Nbd7 9. Nc3 e6 10.
h3 Bxf3 11. Bxf3 Re8 12. Rc1 a6 13. a4 a5 14. Ba3 Bf8 15. Bxf8 Rxf8 16. e4 dxe4 17.
Bxe4 Qe7 18. Re1 Qb4 19. Bb1 Rad8 20. Re3 Kg7 21. Na2 Qd6 22. Qe1 Qxd4 23. Qxa5 Nc5 24. Qc3 Qxc3 25. Rexc3 Rd2 26. Nb4 Rfd8 27. Bc2 h5 28. a5 g5 29. Re3 g4 30. Ra1 R8d4 31. a6 Nxa6 32. Nxa6 Rxc2 33. Nc5 Rdd2 34. Rf1 b6 35.
Na4 b5 36. cxb5 cxb5 37. Nc3 b4 38. Ne4 Re2 39. Nxf6 Kxf6 40. hxg4 hxg4 41. Rg3 Kg5 42. Rd3 Rc3 43. Rxc3 bxc3 44. Rc1 g3 45. Rxc3 Re1# 0-1

[Event "*** Monthly 3|2 Blitz Masters"]
[Site "Chess.com"]
[Date "2014.11.25"]
[Round "6"]
[White "IMLevAltounian"]
[Black "alturas_pacificas"]
[Result "1-0"]
[WhiteElo "2200"]
[BlackElo "2047"]
[TimeControl "180+2"]
[EndTime "12:12:12 PST"]
[Termination "IMLevAltounian won by resignation"]

1. Nf3 d5 2. c4 c6 3. g3 dxc4 4.
Bg2 Nf6 5. O-O Nbd7 6. a4 g6 7. Na3 Bg7 8. Nxc4 O-O 9. d3 Nb6 10. Qc2 Nfd5 11. Bd2 Bg4 12. h3 Be6 13. a5 Nxc4 14.
dxc4 Nf6 15. Ng5 Bf5 16. e4 Bd7 17. Bc3 h6 18. Nf3 Qc8 19. Kh2 Nh5 20. e5 Bh8 21. Rad1 Ng7 22. Nd4 Nf5 23. Rfe1 Nxd4 24. Bxd4 Be6 25.
f4 Rd8 26. b4 Qc7 27. Qf2 Bxc4 28. Bxa7 Rxd1 29. Rxd1 Re8 30. Qc5 Bb3 31. Rd3 Ba4 32.
Bb6 Qc8 33. Rd4 Bg7 34. h4 e6 35. Qc3 Bf8 36. Qd2 Bb3 37. Rd7 Bd5 38. Rc7 Qb8 39. Bxd5 exd5 40. f5 Re7 41. Rxe7 Bxe7 42. f6 Bf8 43.
Qf4 Qc8 44. Bc5 Bxc5 45. bxc5 Qf8 46. Qb4 Qb8 47. a6 Qxe5 48. axb7 Qe2+ 49. Kg1 Qe3+ 50. Kf1 Qf3+ 51. Ke1 Qxg3+ 52. Kd2 Qf2+ 53. Kc1 Qe3+ 54.
Kb2 Qe5+ 55. Kb3 Qg3+ 56. Ka4 Qb8 57. Qb6 Qf4+ 58. Ka5 Qb8 59. Qxc6 Qd8+ 60. Qb6 Qb8 61. c6 1-0

[Event "*** Monthly 3|2 Blitz Masters"]
[Site "Chess.com"]
[Date "2014.11.25"]
[Round "6"]
[White "Argente"]
[Black "stepanosinovsky"]
[Result "1-0"]
[WhiteElo "2167"]
[BlackElo "2258"]
[TimeControl "180+2"]
[EndTime "12:12:52 PST"]
[Termination "Argente won on time"]

1. d4 Nf6 2. Bg5 c5 3. Bxf6 gxf6 4. d5 Qb6 5. Qc1 f5 6. e3 Bg7 7. c3 e6 8. Bc4 Qa5 9. a4 a6 10. Nd2 b5 11. axb5 Qb6 12. Ne2 Bb7 13. bxa6 Nxa6 14. Nf4 Nc7 15. Rxa8+ Bxa8 16. O-O exd5 17. Bd3 Be5 18. Nf3 Bxf4 19. exf4 Rg8 20. Re1+ Kd8 21. Bxf5 Qf6 22. Bh3 d4 23. Ne5 Nd5 24. Qa1 Kc7 25. Qa7+ Bb7 26. Qxc5+ Kd8 27. Qa5+ Qb6 28.
Qxb6+ Nxb6 29. Nxf7+ Kc7 30. g3 d3 31. Rd1 Ba6 32. Bf1 Nd5 33. Bxd3 Bxd3 34. Rxd3 Nxf4 35. Rd2 Ne6 36. Ne5 d6 37. Nc4 Rd8 38. Kg2 d5 39.
Ne3 Kc6 40. h4 Nc5 41. Nf5 Ne4 42. Rd4 Rd7 43. Ne3 Nc5 44. c4 Nb3 45. Rxd5 Rf7 46. Rg5 Nd2 47. Rf5 Rb7 48. g4 Rxb2 49. Kh3 Ne4 50. Nd1 Rd2 51. Rf4 Re2 52. Kg2 Nd2 53. Rd4 1-0

[Event "*** Monthly 3|2 Blitz Masters"]
[Site "Chess.com"]
[Date "2014.11.25"]
[Round "6"]
[White "DanielRensch"]
[Black "pedromartinez91"]
[Result "1-0"]
[WhiteElo "2363"]
[BlackElo "2070"]
[TimeControl "180+2"]
[EndTime "12:13:20 PST"]
[Termination "DanielRensch won by resignation"]

1. e4 c5 2. Nf3 d6 3. d4 cxd4 4.
Nxd4 Nf6 5. Nc3 a6 6. Be3 e5 7. Nb3 Be6 8. h3 Be7 9. g4 h6 10. Qf3 Nbd7 11. O-O-O b5 12. Nd5 Bxd5 13. exd5 Rc8 14.
Kb1 Qc7 15. Bd3 Qb7 16. Na5 Qxd5 17. Qxd5 Nxd5 18. Bf5 N5f6 19. Nb7 d5 20. g5 hxg5 21. Bxg5 Rc7 22. Na5 d4 23. f4 g6 24. fxe5 Nxe5 25. Rhe1 Rh5 26. Bf4 Rxf5 27. Bxe5 Rxe5 28. Rxe5 Kf8 29. Rxd4 Nh5 30. Red5 Bf6 31. Rd7 Rc8 32.
R4d6 Re8 33. a3 Re1+ 34. Ka2 Re2 35. Kb3 Re3+ 36. c3 Rxh3 37. Rxa6 g5 38. Ra8+ Kg7 39.
Raa7 g4 40. Rxf7+ Kg6 41. Rfd7 g3 42. Rd1 g2 43. Rg1 Nf4 44. Rb7 Rh5 45. Nc6 Rh1 46. Rxg2+ Nxg2 47. Rxb5 Nf4 48. a4 Rh2 49. a5 Nd3 50.
Ka3 Bg5 51. a6 Rh1 52. a7 Be3 53. Rd5 Ra1+ 54. Kb3 Nc1+ 55. Kc2 Ne2 56. Re5 Bxa7 57. Rxe2 Bc5 58. b4 Bf8 59. Kb3 Bg7 60. Kc4 Rc1 61.
Nd4 Bf8 62. b5 Rb1 63. Re6+ Kf7 64. Rc6 Ke7 65. b6 Kd7 66. Rc7+ Kd8 67. Rf7 Bd6 68. b7 Ke8 69. Rh7 Be7 70. Rh8+ Bf8 71. Rxf8+ Kxf8 72. Nb5 1-0

[Event "*** Monthly 3|2 Blitz Masters"]
[Site "Chess.com"]
[Date "2014.11.25"]
[Round "6"]
[White "jcibarra"]
[Black "GMBenjaminBok"]
[Result "1/2-1/2"]
[WhiteElo "2483"]
[BlackElo "2596"]
[TimeControl "180+2"]
[EndTime "12:13:40 PST"]
[Termination "Game drawn - insufficient material"]

1. e4 c5 2. Nf3 e6 3. d4 cxd4 4. Nxd4 Nc6 5. Nc3 Qc7 6. Be3 a6 7. Qd2 Nf6 8. O-O-O Be7 9. f3 b5 10. g4 Nxd4 11. Bxd4 Bb7 12. g5 Nh5 13. Be5 Qxe5 14.
Qxd7+ Kf8 15. Qxb7 Bxg5+ 16. Kb1 Qb8 17. Rd7 Qxb7 18. Rxb7 Bf6 19. e5 Bxe5 20. Ne4 h6 21. a4 bxa4 22. Nc5 Kg8 23. Nxa4 a5 24. Bc4 g5 25.
Rd1 Bxh2 26. Rh1 Rb8 27. Ra7 Rb4 28. b3 Bb8 29. Rxa5 Ng3 30. Rh3 Nf5 31. Nc5 Bd6 32. Nxe6 Rxc4 33. Ra8+ Kh7 34. Nxg5+ Kg7 35. Rxh8 Rd4 36.
Nxf7 Rd1+ 37. Ka2 Kxf7 38. R8xh6 Nxh6 39. Rxh6 Bb4 40. Rh4 Be7 41. Re4 Rf1 42. Rf4+ Ke6 43. b4 Bd6 44. Re4+ Kd5 45. c4+ Kc6 46. Kb3 Rxf3+ 47.
Ka4 Rf1 48. c5 Ra1+ 49. Kb3 Bc7 50. Re7 Bd8 51. Re8 Bc7 52. Re7 Rb1+ 53. Kc4 Rc1+ 54. Kb3 Bg3 55. Re6+ Kd5 56. Rg6 Bf4 57. Rg4 Rf1 58.
Ka4 Bd2 59. Kb5 Rf8 60. Rg6 Rb8+ 61. Rb6 Rxb6+ 62. cxb6 Bf4 63. b7 Bb8 64. Kb6 Kd6 65. b5 Kd7 66. Kc5 Kc7 67. b6+ Kxb7 68. Kc4 Kxb6 1/2-1/2